 Dungeon Crawl Stone Soup version 0.28-a0-657-g71136c5590 (webtiles) character file.

Game seed: 1973325807419014317

52 Conn the Firebug (level 3, -2/21 HPs)
             Began as an Octopode Fire Elementalist on Oct 13, 2021.
             Slain by an orc (7 damage)
             ... on level 2 of the Dungeon.
             The game lasted 00:03:06 (1873 turns).

Conn the Firebug (Octopode Fire Elementalist)       Turns: 1873, Time: 00:03:07

Health: -2/21      AC:  1    Str:  7    XL:     3   Next: 85%
Magic:  5/7        EV: 13    Int: 18    God:
Gold:   72         SH:  0    Dex: 12    Spells: 6/7 levels left

rFire   . . .      SeeInvis .   a - +0 short sword
rCold   . . .      Faith    .   (no shield)
rNeg    . . .      Spirit   .   (helmet restricted)
rPois   .          Reflect  .   (no amulet)
rElec   .          Harm     .   (no ring)
rCorr   .          Rampage  .   (no ring)
Will    .....                   (no ring)
Stlth   +++.......              (no ring)
HPRegen 0.07/turn               (no ring)
MPRegen 0.10/turn               (no ring)
                                (no ring)
                                (no ring)

@: no status effects
A: almost no armour, amphibious, 8 rings, camouflage 1, gelatinous body 1,
(nimble swimmer 1), tentacles
a: no special abilities


You were on level 2 of the Dungeon.
You visited 1 branch of the dungeon, and saw 2 of its levels.

You collected 72 gold pieces.

Inventory:

Hand Weapons
 a - a +0 short sword (weapon)
Missiles
 g - 8 poisoned darts
Scrolls
 b - 2 scrolls of identify {unknown}
 c - a scroll of teleportation {unknown}
 d - 3 scrolls of blinking {unknown}
Potions
 e - 2 potions of degeneration {unknown}
 f - a potion of might {unknown}


   Skills:
 + Level 2.1 Dodging
 + Level 3.1 Stealth
 + Level 2.6 Spellcasting
 + Level 1.4 Conjurations
 + Level 3.7 Fire Magic


You had 6 spell levels left.
You knew the following spells:

 Your Spells              Type           Power      Damage    Failure   Level
a - Foxfire               Conj/Fire      44%        2x1d6     6%          1

Your spell library contained the following spells:

 Spells                   Type           Power      Damage    Failure   Level
 Scorch                   Fire           30%        2d7       5%          2
 Conjure Flame            Conj/Fire      11%        6-21      19%         3
 Inner Flame              Hex/Fire       9%         N/A       24%         3
 Ignite Poison            Fire/Tmut/Pois 6%         N/A       30%         3
 Mephitic Cloud           Conj/Pois/Air  4%         N/A       38%         3
 Flame Wave               Conj/Fire      11%        3d4       52%         4
 Freezing Cloud           Conj/Ice/Air   2%         6-21      98%         5


Dungeon Overview and Level Annotations

Branches:
Dungeon (2/15)

Altars:


Innate Abilities, Weirdness & Mutations

You cannot wear most types of armour.
You are amphibious.
You can wear up to eight rings at the same time.
Your skin changes colour to match your surroundings (Stealth+).
Your rubbery body absorbs attacks. (AC +1, EV +1)
((You are camouflaged near water. (Stealth+)))
You have tentacles for arms and can constrict up to eight enemies at once.


Message History

You conjure some foxfire!
The foxfire hits the orc.
You kill the orc!
The foxfire hits the orc but does no damage.
The orc hits you with a +0 falchion!
Unknown command.
Casting: Foxfire (safe; 6% risk of failure)
Confirm with . or Enter, or press ? or * to list all spells.
You conjure some foxfire!
The foxfire hits the orc but does no damage. x2
The orc hits you with a +0 falchion!
* * * LOW HITPOINT WARNING * * *
The foxfire hits the hobgoblin but does no damage.
Your foxfire dissipates!
Your magical contamination has completely faded away.
The orc barely misses you.
Casting: Foxfire (safe; 6% risk of failure)
Confirm with . or Enter, or press ? or * to list all spells.
You conjure some foxfire!
The foxfire hits the orc.
The orc is heavily wounded.
Unknown command.
The foxfire hits the orc but does no damage.
The orc is heavily wounded.
There is a stone staircase leading down here.
Casting: Foxfire (safe; 6% risk of failure)
Confirm with . or Enter, or press ? or * to list all spells.
You conjure some foxfire!
Unknown command.
You hit the orc but do no damage. Your grab misses the orc.
Your squeeze misses the orc.
The orc is heavily wounded.
The foxfire hits the orc.
The orc is heavily wounded.
The foxfire hits the orc but does no damage.
The orc is heavily wounded.
The orc hits you with a +0 falchion.
* * * LOW HITPOINT WARNING * * *
Really wriggle into that dispersal trap?
You enter a dispersal trap!
The orc blinks!
The hobgoblin blinks!
The orc blinks!
You blink.
The orc hits you with a +0 falchion!
You die...

######## .......
....... ##########
...... ###........#
..... #.........§#
...# #..........#
.).#####..........#
...........§.§.o..#
...#######......@.#
#### #......§.#
####### ########.#
#.....###########g#
.........>g.g..##.#
#.....###.####.##.#
..................#
#.....###.#####.#.#
#.....###.#####...#


You could see an orc and a hobgoblin.

Vanquished Creatures
  2 adders (D:2)
  A worm (D:2)
  2 orcs (D:2)
  4 ball pythons
  3 endoplasms (D:1)
  A giant cockroach (D:2)
  2 goblins (D:2)
  A hobgoblin (D:1)
  2 jackals (D:2)
  4 kobolds (D:1)
  A quokka (D:2)
  3 bats
  A frilled lizard (D:1)
27 creatures vanquished.

Vanquished Creatures (others)
  80 foxfires
80 creatures vanquished.

Grand Total: 107 creatures vanquished

Notes
Turn   | Place    | Note
-------+----------+-------------------------------------------
     0 | D:1      | Conn the Octopode Fire Elementalist began the quest for the
                  | Orb.
     0 | D:1      | Reached XP level 1. HP: 11/11 MP: 3/3
   211 | D:1      | Reached XP level 2. HP: 9/17 MP: 3/5
  1269 | D:2      | Reached XP level 3. HP: 21/21 MP: 1/6
  1873 | D:2      | Slain by an orc

Illustrated notes

Levels and vault maps discovered:
D:1:      roderic_octagonal_star, layout_rooms
D:2:      layout_basic

Skill      XL: |  1 |
---------------+----+-----
Stealth        | 3 |  3.1
Dodging        | |  2.1
Spellcasting   | |  2.6
Conjurations   | |  1.4
Fire Magic     | |  3.7

Action                   || total
-------------------------++-------
Melee: Short sword       ||    13
       Constrict         ||     4
       Unarmed           ||     1
       Tentacles         ||     1
 Cast: Foxfire           ||    48
 Stab: Sleeping          ||     3
Armor: Skin              ||     1
Dodge: Dodged            ||    19

Table legend: (Time is in decaauts)
 A = Elapsed time spent in this place.
 B = Non-inter-level travel time spent in this place.
 C = Inter-level travel time spent in this place.
 D = Time resting spent in this place.
 E = Time spent auto-exploring this place.
 F = Levels seen in this place.
 G = Mean time per level.
                   A        B        C        D        E       F      G
               +--------+--------+--------+--------+--------+-----+--------+
         Total |   1873 |   1862 |     11 |      0 |   1489 |   2 |  936.5 |
       Dungeon |   1873 |   1862 |     11 |      0 |   1489 |   2 |  936.5 |
               +--------+--------+--------+--------+--------+-----+--------+

Top non-repeatable levels by time:
     D:2: 967 daAuts
     D:1: 906 daAuts
